 Dungeon Crawl Stone Soup version 0.25.1-2-g60ff931 (webtiles) character file.

Game seed: 10017823698176866745

667 Atlas the Magician (level 7, -8/48 HPs)
             Began as a Mummy Ice Elementalist on Sept 10, 2020.
             Mangled by a mummy (15 damage)
             ... in an ossuary.
             The game lasted 00:08:40 (4038 turns).

Atlas the Magician (Mummy Ice Elementalist)         Turns: 4038, Time: 00:08:40

Health: -8/48      AC: 14    Str: 12    XL:     7   Next: 31%
Magic:  14/17      EV: 12    Int: 16    God:
Gold:   114        SH:  0    Dex: 12    Spells: 9/20 levels left

rFire    x . .     SeeInvis .   k - +0 whip (flame)
rCold    + + .     Gourm    .   (no shield)
rNeg     + + +     Faith    .   j - +2 leather armour {rF+}
rPois    ∞         Spirit   .   (no helmet)
rElec    .         Reflect  .   d - +2 cloak
rCorr    .         Harm     .   (no gloves)
MR       .....                  (no boots)
Stlth    ++........             (no amulet)
HPRegen  0.16/turn              b - ring of ice
MPRegen  0.15/turn              (no ring)

@: icy armour
A: no food or potions, fire vulnerability, cold resistance 1, negative energy
resistance 3, torment resistance, unbreathing
a: no special abilities


You were in an ossuary.
You were not hungry.

You visited 1 branch of the dungeon, and saw 4 of its levels.
You also visited: Ossuary.

You collected 114 gold pieces.

Inventory:

Hand Weapons
 k - a +0 whip of flaming (weapon)
Armour
 d - a +2 cloak (worn)
 g - a +2 leather armour of magic resistance
 j - a +2 leather armour of fire resistance (worn)
Jewellery
 b - a ring of ice (left hand)
Scrolls
 a - a scroll of fear
 c - 2 scrolls of remove curse
 e - 3 scrolls of teleportation
 f - a scroll of immolation
 h - 2 scrolls of identify
 i - a scroll of amnesia {unknown}


   Skills:
 + Level 1.1 Fighting
 + Level 1.1 Armour
 + Level 1.8 Dodging
 + Level 2.4 Stealth
 + Level 0.4 Unarmed Combat
 + Level 7.0 Spellcasting
 + Level 5.1 Ice Magic


You had 9 spell levels left.
You knew the following spells:

 Your Spells              Type           Power        Failure   Level  Hunger
a - Freeze                Ice            ####         1%          1    N/A
b - Frozen Ramparts       Ice            ####..       5%          3    N/A
c - Ozocubu's Armour      Chrm/Ice       ###.....     16%         3    N/A
d - Summon Ice Beast      Ice/Summ       ###.....     47%         4    N/A

Your spell library contained the following spells:

 Spells                   Type           Power        Failure   Level  Hunger
 Hailstorm                Conj/Ice       ###.....     47%         4    N/A

Dungeon Overview and Level Annotations

Branches:
Dungeon (4/15)            Ossuary (1/1)
 Temple: D:4-7

Altars:
Elyvilon
Fedhas
Hepliaklqana
Okawaru

Annotations:
D:2 Grinder


Innate Abilities, Weirdness & Mutations

You do not eat or drink.
Your flesh is vulnerable to fire.
You are immune to poison.
Your flesh is cold resistant. (rC+)
You are immune to negative energy. (rN+++)
You are immune to unholy pain and torment.
You can survive without breathing.


Message History

The mummy hits you but does no damage. x2
You hit the big kobold zombie. You burn the big kobold zombie.
The big kobold zombie is moderately damaged.
The big kobold zombie misses you. The mummy misses you. The mummy hits you!
You are too injured to fight recklessly!
You are too injured to fight recklessly!
You are too injured to fight recklessly!
You are too injured to fight recklessly!
You are too injured to fight recklessly!
You are too injured to fight recklessly!
You hit the mummy. You burn the mummy.
The mummy is moderately damaged.
The big kobold zombie hits you but does no damage.
You hit the mummy. You burn the mummy.
The mummy is moderately damaged.
The big kobold zombie closely misses you.
The mummy hits you!
* * * LOW HITPOINT WARNING * * *
The mummy hits you!
You die...

#....#
#....#
#....#
#....#
#....#
#....#
#....#
#MZ..#
#@M∩.#
######


You could see 2 mummies and a big kobold zombie.

Vanquished Creatures
  A bullfrog (D:3)
  A scorpion (D:4)
  A howler monkey (D:3)
  A crimson imp (D:2)
  An orc priest (D:4)
  An orc wizard (D:3)
  Crazy Yiuf (D:3)
  Natasha (thrice) (D:3)
  Terence (D:3)
  A mummy (Ossuary)
  10 gnolls
  8 adders
  2 worms
  4 dart slugs
  3 leopard geckos
  9 orcs
  7 bats
  4 giant cockroaches
  5 goblins
  13 hobgoblins
  7 jackals
  A quokka (D:3)
  A ball python (D:2)
  2 frilled lizards (D:2)
  6 kobolds
  An orc zombie (Ossuary)
  4 rats
99 creatures vanquished.

Notes
Turn   | Place    | Note
-------+----------+-------------------------------------------
     0 | D:1      | Atlas the Mummy Ice Elementalist began the quest for the
                  | Orb.
     0 | D:1      | Reached XP level 1. HP: 13/13 MP: 4/4
   264 | D:1      | Reached XP level 2. HP: 19/19 MP: 1/5
   606 | D:1      | Reached skill level 3 in Spellcasting
   886 | D:1      | Reached XP level 3. HP: 24/24 MP: 4/8
   891 | D:1      | Learned a level 3 spell: Frozen Ramparts
   895 | D:1      | Learned a level 3 spell: Ozocubu's Armour
  1065 | D:2      | Reached skill level 1 in Fighting
  1069 | D:2      | Reached skill level 4 in Spellcasting
  1069 | D:2      | Reached XP level 4. HP: 32/32 MP: 2/10
  1194 | D:2      | Found a white marble altar of Elyvilon.
  1701 | D:2      | Found a hazy altar of Hepliaklqana.
  1721 | D:2      | Reached XP level 5. HP: 34/37 MP: 4/11
  2228 | D:3      | Noticed Terence
  2229 | D:3      | Noticed Grinder
  2235 | D:3      | Reached skill level 5 in Spellcasting
  2238 | D:3      | Killed Terence
  2425 | D:3      | Reached XP level 6. HP: 43/43 MP: 11/13
  2438 | D:3      | Learned a level 4 spell: Summon Ice Beast
  2497 | D:3      | Found a blossoming altar of Fedhas.
  2521 | D:3      | Reached skill level 5 in Ice Magic
  2534 | D:3      | Noticed Natasha
  2595 | D:3      | Killed Natasha
  2595 | D:3      | Reached skill level 6 in Spellcasting
  2724 | D:3      | Noticed Natasha
  2737 | D:3      | Killed Natasha
  2793 | D:3      | Noticed Natasha
  2800 | D:3      | Killed Natasha
  2800 | D:3      | Reached XP level 7. HP: 33/48 MP: 4/16
  2821 | D:3      | Paralysed by Grinder for 4 turns
  2918 | D:3      | Paralysed by Grinder for 4 turns
  3224 | D:3      | Found a runed translucent door.
  3225 | D:3      | Noticed Crazy Yiuf
  3487 | D:3      | Found an iron altar of Okawaru.
  3671 | D:3      | Killed Crazy Yiuf
  3919 | D:4      | Reached skill level 1 in Armour
  3919 | D:4      | Reached skill level 7 in Spellcasting
  3991 | D:4      | Found a sand-covered staircase.
  3998 | Ossuary  | Entered an ossuary
  4038 | Ossuary  | Mangled by a mummy

Illustrated notes

Levels and vault maps discovered:
D:1:      dpeg_arrival_pits, layout_basic
D:2:      layout_rooms, nicolae_overflow_crystal_walls, elyvilon_altar_1
D:3:      cheibrodos_old_hovel, layout_loops_ring, old_standard_altar,
          first_ration, kennysheep_okawaru_gauntlet, uniq_crazy_yiuf_cottage,
          uniq_grinder, uniq_terence, uniq_natasha
D:4:      layout_rooms, nicolae_ossuary_entry_plus, grunt_decor_resistance,
          hangedman_abyss_or_decor_stagger
Ossuary:  ossuary_tomb_3

Skill      XL: |  1  2  3  4  5  6  7 |
---------------+----------------------+-----
Spellcasting   | 3 4 5 6 7 |  7.0
Fighting       | 1 |  1.1
Ice Magic      | 4 5 |  5.1
Stealth        | 2 |  2.4
Armour         | 1 |  1.1
Dodging        | |  1.8
Unarmed Combat | |  0.4

Action                   |  1- 3 |  4- 6 |  7- 9 || total
-------------------------+-------+-------+-------++-------
Melee: Unarmed           |     9 |    29 |    10 ||    48
       Whip              |       |       |    13 ||    13
 Cast: Freeze            |    31 |    75 |    35 ||   141
       Frozen Ramparts   |     2 |    16 |    11 ||    29
       Ozocubu's Armour  |       |       |     2 ||     2
  Use: Scroll            |       |     4 |       ||     4
Armor: Robe              |    12 |       |       ||    12
       Leather armour    |     1 |    38 |    18 ||    57
Dodge: Dodged            |    18 |    55 |    28 ||   101
